 Dungeon Crawl Stone Soup version 0.27-a0-732-ga892ba84f6 (webtiles) character file.

Game seed: 14856992871492948325

19956 robertstho the Spear-Bearer (level 12, 0/106 HPs)
             Began as a Ghoul Delver on Mar 23, 2021.
             Was a High Priest of Dithmenos.
             Slain by a six-headed hydra (13 damage)
             ... on level 1 of the Lair of Beasts.
             The game lasted 00:19:55 (15572 turns).

robertstho the Spear-Bearer (Ghoul Delver)         Turns: 15572, Time: 00:19:56

Health: 0/106      AC: 25    Str: 20    XL:     12   Next: 74%
Magic:  16/16      EV: 13    Int:  5    God:    Dithmenos [*****.]
Gold:   1235       SH:  0    Dex: 16    Spells: 11/11 levels left

rFire    + + .     SeeInvis .   e - +2 flail (protect)
rCold    + . .     Faith    .   (no shield)
rNeg     + + +     Spirit   .   g - +5 ring mail of Hysteria {rF+ Dex+5}
rPois    ∞         Reflect  .   (no helmet)
rElec    .         Harm     .   q - +0 cloak
rCorr    .         Rampage  .   A - +0 pair of gloves
Will     .....                  l - +0 pair of boots
Stlth    ++++++....             o - amulet of regeneration
HPRegen  0.00/turn              n - +4 ring of protection
MPRegen  0.15/turn              m - ring of protection from fire

@: protection aura, wreathed by umbra
A: claws 1, cold resistance 1, negative energy resistance 3, inhibited
regeneration, torment resistance 2, unbreathing 1
a: Renounce Religion, Shadow Step, Shadow Form


You were on level 1 of the Lair of Beasts.
You worshipped Dithmenos.
Dithmenos was extremely pleased with you.
You visited 3 branches of the dungeon, and saw 15 of its levels.

You collected 1413 gold pieces.
You spent 178 gold pieces at shops.

Inventory:

Hand Weapons
 d - the +5 scythe "Finisher" {speed, eviscerate}
   (You acquired it on level 1 of the Dungeon)

   Attacks with this weapon are significantly faster.
 e - a +2 flail of protection (weapon)
Armour
 g - the +5 ring mail of Hysteria (worn) {rF+ Dex+5}
   (You found it on level 9 of the Dungeon)

   It affects your dexterity (+5).
   It protects you from fire.
 l - a +0 pair of boots (worn)
 q - a +0 cloak (worn)
 A - a +0 pair of gloves (worn)
Jewellery
 m - a ring of protection from fire (left hand)
 n - a +4 ring of protection (right hand)
 o - an amulet of regeneration (around neck)
 t - a ring of protection from fire
 B - a +6 ring of intelligence
Wands
 f - a wand of digging (2)
 C - a wand of iceblast (3)
Scrolls
 a - 3 scrolls of teleportation {unknown}
 b - 3 scrolls of fog
 c - 6 scrolls of magic mapping
 k - a scroll of summoning {unknown}
 p - a scroll of noise {unknown}
 r - a scroll of fear
 s - a scroll of brand weapon {unknown}
 u - a scroll of immolation {unknown}
 w - a scroll of blinking {unknown}
 y - 3 scrolls of enchant weapon
 z - a scroll of silence
Potions
 h - 4 potions of flight
 i - a potion of heal wounds
 j - 7 potions of curing
 v - a potion of resistance


   Skills:
 * Level 9.8 Fighting
 * Level 13.0 Polearms
 + Level 3.6 Armour
 + Level 4.9 Dodging
 * Level 10.9 Stealth
 - Level 2.9 Unarmed Combat
 * Level 6.8 Invocations
 + Level 0.3 Evocations


You had 11 spell levels left.
You didn't know any spells.
Your spell library contained the following spells:

 Spells                   Type           Power      Damage    Failure   Level
 Corona                   Hex            0%         N/A       65%         1
 Magic Dart               Conj           0%         1d3       65%         1
 Summon Small Mammal      Summ           0%         N/A       65%         1
 Call Imp                 Summ           0%         N/A       78%         2
 Searing Ray              Conj           0%         3d3       78%         2
 Slow                     Hex            0%         N/A       78%         2
 Call Canine Familiar     Summ           0%         N/A       95%         3
 Dazzling Flash           Conj/Hex       0%         N/A       95%         3
 Inner Flame              Hex/Fire       0%         N/A       95%         3
 Portal Projectile        Hex/Tloc       0%         N/A       95%         3
 Summon Guardian Golem    Hex/Summ       0%         N/A       95%         3
 Cause Fear               Hex            0%         N/A       100%        4
 Fulminant Prism          Conj/Hex       0%         3d6       100%        4
 Iskenderun's Mystic Bla  Conj/Tloc      0%         2d3       100%        4
 Leda's Liquefaction      Hex/Erth       0%         N/A       100%        4
 Summon Ice Beast         Ice/Summ       0%         N/A       100%        4
 Summon Lightning Spire   Summ/Air       0%         N/A       100%        4


Dungeon Overview and Level Annotations

Branches:
Dungeon (13/15)            Temple (1/1) D:6            Lair (1/6) D:8
    Orc (0/2) D:9
 Vaults: D:13-14

Altars:
Ashenzari
Cheibriados
Dithmenos
Elyvilon
Fedhas
Gozag
Hepliaklqana
Kikubaaqudgha
Makhleb
Nemelex Xobeh
Okawaru
Qazlal
Ru
Sif Muna
Trog
Uskayaw
Vehumet
Wu Jian
Xom
Yredelemnul
Zin
The Shining One

Shops:
D:9 *(


Innate Abilities, Weirdness & Mutations

You thrive by killing the living.
You are immune to poison.
You have sharp fingernails.
Your flesh is cold resistant. (rC+)
You are immune to negative energy. (rN+++)
You do not regenerate when monsters are visible.
You are immune to unholy pain and torment.
You can survive without breathing.


Message History

The six-headed hydra misses you.
The six-headed hydra bites you but does no damage. x2
The six-headed hydra bites you.
The six-headed hydra bites you but does no damage. x2
You barely miss the six-headed hydra.
The six-headed hydra is moderately wounded.
Your shadow hits the six-headed hydra with a flail.
The six-headed hydra bites you but does no damage.
The six-headed hydra bites you.
The six-headed hydra bites you but does no damage. x4
Unknown command.
You sock the six-headed hydra!
The six-headed hydra is severely wounded.
Your shadow hits the six-headed hydra with a flail!
The six-headed hydra bites you! The six-headed hydra bites you.
The six-headed hydra bites you but does no damage.
The six-headed hydra bites you.
The six-headed hydra bites you but does no damage. x2
You sock the six-headed hydra! You punch the six-headed hydra.
The six-headed hydra is almost dead.
The six-headed hydra bites you!
The six-headed hydra bites you but does no damage.
The six-headed hydra bites you.
* * * LOW HITPOINT WARNING * * *
The six-headed hydra barely misses you. The six-headed hydra bites you!
* * * LOW HITPOINT WARNING * * *
The six-headed hydra bites you but does no damage.
The six-headed hydra bites you.
* * * LOW HITPOINT WARNING * * *
The six-headed hydra misses you. The six-headed hydra bites you.
* * * LOW HITPOINT WARNING * * *
The six-headed hydra barely misses you. The six-headed hydra bites you.
* * * LOW HITPOINT WARNING * * *
The six-headed hydra barely misses you.
You barely miss the six-headed hydra.
The six-headed hydra is almost dead.
Your shadow hits the six-headed hydra with a flail.
The six-headed hydra bites you but does no damage. x2
The six-headed hydra bites you!
You die...

##.... ##..... #......
###...... ##P....... .
#####......... ...
####.......).....
.....###P........###....
......D@.....##### ###..
............## ...
.......##....# #..P
......# ###### #...
.....# ..## #..## #.. ##


You could see a six-headed hydra.

Vanquished Creatures
  A hydra (D:13)
  Josephine (D:13)
  A boulder beetle (D:11)
  A death knight (D:12)
  4 two-headed ogres
  2 ugly things
  A manticore (D:11)
  2 centaur zombies (D:11)
  A gargoyle (D:12)
  A cane toad (Lair:1)
  A centaur skeleton (D:12)
  A rime drake (Lair:1)
  A komodo dragon (Lair:1)
  2 trolls
  The ghost of CurlyBrace the Scratcher, a novice FeAr (D:7)
  A vampire (D:11)
  5 wraiths
  13 yaks
  A wyvern (D:13)
  4 vampire mosquitoes (D:12)
  2 basilisks
  4 water moccasins
  2 floating eyes (D:11)
  4 sky beasts
  A necrophage (D:8)
  5 orc warriors
  An ice beast (D:11)
  2 black bears
  9 ogres
  4 centaurs
  7 phantoms
  4 kobold brigands
  14 bullfrogs
  2 gnoll sergeants (D:9)
  2 water moccasin skeletons
  4 scorpions
  14 killer bees
  2 wights (D:11)
  5 howler monkeys
  4 orc priests
  A quasit (D:13)
  4 bullfrog skeletons
  6 hounds
  7 jellies
  7 worker ants
  5 iguanas
  10 orc wizards
  A killer bee zombie (D:3)
  2 hound skeletons
  A mummy (D:9)
  A howler monkey zombie (D:9)
  10 gnolls
  A howler monkey skeleton (D:9)
  13 adders
  3 white imps
  An ufetubus (D:7)
  An adder skeleton (D:3)
  3 worms
  3 dart slugs (D:1)
  55 orcs
  5 ball pythons
  9 giant cockroaches
  9 goblins
  6 hobgoblins
  17 jackals
  5 oozes
  11 quokkas
  3 bats
  2 frilled lizards
  A jackal skeleton (D:6)
  14 kobolds
  A quokka skeleton (D:6)
  5 rats
360 creatures vanquished.

Vanquished Creatures (others)
  An orc wizard (D:7)
  46 fungi
  48 plants
95 creatures vanquished.

Grand Total: 455 creatures vanquished

Notes
Turn   | Place    | Note
-------+----------+-------------------------------------------
     0 | D:5      | robertstho the Ghoul Delver began the quest for the Orb.
     0 | D:5      | Reached XP level 1. HP: 19/19 MP: 0/0
   643 | D:5      | Reached XP level 2. HP: 10/26 MP: 1/1
   894 | D:4      | HP: 1/26 [worker ant (5)]
   896 | D:4      | Reached XP level 3. HP: 4/31 MP: 2/2
  1281 | D:4      | HP: 1/31 [orc/+2 short sword of holy wrath (2)]
  1842 | D:1      | Reached XP level 4. HP: 26/38 MP: 3/3
  2047 | D:1      | Identified a scroll of acquirement
  2047 | D:1      | Acquired the +5 scythe "Finisher" {speed, eviscerate}
  2048 | D:1      | Found the +5 scythe "Finisher" {speed, eviscerate}
  2693 | D:2      | Reached skill level 1 in Armour
  2754 | D:2      | Noticed an ogre
  2758 | D:2      | Killed an ogre
  2759 | D:2      | Reached skill level 2 in Polearms
  2759 | D:2      | Reached XP level 5. HP: 46/46 MP: 4/4
  3090 | D:3      | Reached XP level 6. HP: 52/52 MP: 5/5
  3097 | D:3      | Found a faded altar of an unknown god.
  3373 | D:3      | Reached skill level 3 in Polearms
  4059 | D:4      | Found an iron altar of Okawaru.
  4425 | D:4      | Reached XP level 7. HP: 19/60 MP: 6/6
  4643 | D:4      | Reached skill level 4 in Polearms
  5095 | D:4      | Found a sparkling altar of Nemelex Xobeh.
  5602 | D:5      | Reached skill level 5 in Polearms
  6085 | D:6      | Reached XP level 8. HP: 61/67 MP: 7/7
  6167 | D:6      | Found a staircase to the Ecumenical Temple.
  6187 | D:6      | HP: 2/67 [water moccasin (9)]
  6199 | D:6      | Reached skill level 5 in Fighting
  6207 | Temple   | Entered the Ecumenical Temple
  6550 | Temple   | Became a worshipper of Dithmenos the Shadowed
  7046 | D:6      | Reached skill level 6 in Polearms
  7046 | D:6      | Reached skill level 1 in Invocations
  7193 | D:7      | Acquired 639 gold pieces
  7702 | D:7      | Reached XP level 9. HP: 75/75 MP: 9/9
  7737 | D:7      | Found a runed translucent gate.
  7737 | D:7      | Found a runed translucent gate.
  7738 | D:7      | Found a runed translucent gate.
  7830 | D:7      | Noticed CurlyBrace's ghost (novice FeAr)
  7837 | D:7      | Reached * piety under Dithmenos
  7881 | D:7      | Reached skill level 7 in Polearms
  8282 | D:7      | Killed CurlyBrace's ghost
  8515 | D:8      | Reached skill level 8 in Polearms
  8952 | D:8      | Found a staircase to the Lair.
  9038 | D:8      | Reached XP level 10. HP: 61/86 MP: 11/11
  9171 | D:8      | Reached ** piety under Dithmenos
  9988 | D:8      | Found a hazy altar of Hepliaklqana.
  9989 | D:8      | Found a stormy altar of Qazlal.
 10063 | D:8      | Reached skill level 9 in Polearms
 10341 | D:9      | Found Pigucue's Weapon Emporium.
 10478 | D:9      | Noticed a two-headed ogre
 10488 | D:9      | Killed a two-headed ogre
 10825 | D:9      | Identified the +5 ring mail of Hysteria {rF+ Dex+5}
 10955 | D:9      | Found Zin's Purification Station.
 11068 | D:9      | Found a staircase to the Orcish Mines.
 11104 | D:9      | Reached skill level 10 in Polearms
 11199 | D:9      | Found a snail-covered altar of Cheibriados.
 11243 | D:9      | Found a burning altar of Makhleb.
 11273 | D:9      | Reached *** piety under Dithmenos
 11454 | D:10     | Entered Level 10 of the Dungeon
 11510 | D:10     | Reached XP level 11. HP: 63/94 MP: 13/13
 12238 | D:11     | Noticed a two-headed ogre
 12245 | D:11     | Reached **** piety under Dithmenos
 12274 | D:10     | Reached skill level 5 in Invocations
 12554 | D:11     | Noticed a boulder beetle
 12559 | D:10     | Killed a two-headed ogre
 12924 | D:11     | Killed a boulder beetle
 12925 | D:11     | Reached skill level 11 in Polearms
 12932 | D:11     | Noticed a manticore
 12940 | D:11     | Killed a manticore
 13259 | D:11     | Noticed a purple ugly thing
 13269 | D:11     | Killed a purple ugly thing
 13507 | D:11     | Reached skill level 10 in Stealth
 13973 | D:12     | Noticed a two-headed ogre
 13976 | D:12     | Killed a two-headed ogre
 14201 | D:12     | Noticed a white ugly thing
 14208 | D:12     | Killed a white ugly thing
 14298 | D:12     | Reached XP level 12. HP: 104/104 MP: 15/15
 14416 | D:12     | Reached skill level 12 in Polearms
 14418 | D:12     | Noticed a two-headed ogre
 14422 | D:12     | Reached ***** piety under Dithmenos
 14440 | D:12     | Killed a two-headed ogre
 14493 | D:12     | Noticed a death knight
 14494 | D:12     | Killed a death knight
 14980 | D:13     | Noticed a seven-headed hydra
 14990 | D:13     | Killed an 11-headed hydra
 15185 | D:13     | Noticed Josephine
 15191 | D:13     | Killed Josephine
 15194 | D:13     | Noticed a six-headed hydra
 15328 | D:9      | Bought a +2 flail of protection for 178 gold pieces
 15352 | Lair:1   | Entered Level 1 of the Lair of Beasts
 15376 | Lair:1   | Reached skill level 13 in Polearms
 15541 | Lair:1   | Noticed a six-headed hydra
 15572 | Lair:1   | Slain by a six-headed hydra

Illustrated notes

Levels and vault maps discovered:
D:1:      lightli_arrival_lavapool, layout_basic, chequers_avenue,
          minmay_3d_cube
D:2:      kennysheep_big_flooded_room, layout_basic, serial_glass,
          glass_columns_a, glass_columns_b
D:3:      minmay_inner_zag, layout_basic, chequers_ecumenical_altar_island
D:4:      layout_gridville, okawaru_gym_becter, st_stairs_10,
          nemelex_xobeh_ov_fountains_minmay
D:5:      layout_layer_cave
D:6:      layout_rooms, minmay_temple_entry_ruins
D:7:      layout_rooms, ebering_ghost_rock_garden
D:8:      layout_basic, minitemple, due_lair_maze_entry_diamond
D:9:      layout_basic, lemuel_round_altar, slow_altar_2, zin_purify,
          bloody_makhleb, kennysheep_orc_monster_closet_entryway, serial_shops,
          shop
D:10:     layout_roguey, corexii_hall_statues_x
D:11:     layout_cave_pods, onia_ninara_cookie
D:12:     layout_loops_corners, solitary_fountain
D:13:     layout_irregular_city, hangedman_vaults_entry_quadrant_bands,
          uniq_josephine
Temple:   regret_index_temple_waves
Lair:1:   layout_cave_pods, uniq_erica

Skill      XL: |  1  2  3  4  5  6  7  8  9 10 11 12 |
---------------+-------------------------------------+-----
Stealth        | 6 7 8 9 10 | 10.9
Dodging        | 2 3 4 |  4.9
Armour         | 1 2 3 |  3.6
Polearms       | 2 3 5 6 8 10 11 13 | 13.0
Fighting       | 4 5 7 8 9 |  9.8
Invocations    | 1 3 4 5 6 |  6.8
Unarmed Combat | |  2.9
Evocations     | |  0.3

Action                   |  1- 3 |  4- 6 |  7- 9 | 10-12 || total
-------------------------+-------+-------+-------+-------++-------
Melee: Unarmed           |    70 |     7 |       |       ||    77
       Scythe            |       |   178 |   253 |   525 ||   956
       Flail             |       |       |       |    10 ||    10
       Punch             |       |       |       |     1 ||     1
Invok: Shadow Form       |       |       |       |     1 ||     1
Evoke: Wand              |       |       |     1 |     6 ||     7
  Use: Scroll            |     1 |     4 |     6 |    12 ||    23
       Potion            |       |     3 |     3 |     3 ||     9
 Stab: Sleeping          |     2 |    16 |    11 |    33 ||    62
       Distracted        |       |       |     2 |     4 ||     6
       Invisible         |       |       |       |     8 ||     8
Armor: Leather armour    |     8 |    33 |       |       ||    41
       Robe              |       |     9 |    93 |    16 ||   118
       Ring mail         |       |       |       |   178 ||   178
Dodge: Dodged            |    42 |    92 |   237 |   402 ||   773

Table legend: (Time is in decaauts)
 A = Elapsed time spent in this place.
 B = Non-inter-level travel time spent in this place.
 C = Inter-level travel time spent in this place.
 D = Time resting spent in this place.
 E = Time spent auto-exploring this place.
 F = Levels seen in this place.
 G = Mean time per level.
                   A        B        C        D        E       F      G
               +--------+--------+--------+--------+--------+-----+--------+
         Total |  15616 |  15092 |    524 |   3109 |   9514 |  15 | 1041.1 |
       Dungeon |  15024 |  14542 |    482 |   3109 |   9028 |  13 | 1155.7 |
        Temple |    370 |    328 |     42 |      0 |    327 |   1 |  370.0 |
          Lair |    221 |    221 |      0 |      0 |    159 |   1 |  221.0 |
               +--------+--------+--------+--------+--------+-----+--------+

Top non-repeatable levels by time:
     D:5: 1786 daAuts
     D:9: 1533 daAuts
     D:4: 1524 daAuts
    D:10: 1396 daAuts
     D:8: 1377 daAuts
     D:1: 1312 daAuts
     D:7: 1150 daAuts
    D:11: 1145 daAuts
     D:6: 1039 daAuts
     D:3: 1012 daAuts
    D:12: 969 daAuts
     D:2: 472 daAuts
  Temple: 370 daAuts
    D:13: 305 daAuts
  Lair:1: 221 daAuts
